 Dungeon Crawl Stone Soup version 0.22-a0-858-g985ef60 (webtiles) character file.

22072 Kuinu the Fighter (level 12, -1/106 HPs)
             Began as a Minotaur Fighter on July 27, 2018.
             Was an Elder of Trog.
             Slain by a komodo dragon (24 damage)
             ... on level 3 of the Lair of Beasts.
             The game lasted 00:31:38 (13954 turns).

Kuinu the Fighter (Minotaur Fighter)               Turns: 13954, Time: 00:31:39

Health: -1/106     AC: 19    Str: 26    XL:     12   Next: 59%
Magic:  11/11      EV:  7    Int:  5    God:    Trog [****..]
Gold:   828        SH: 17    Dex: 12    Spells: 11/11 levels left

rFire    + + .     SeeInvis +   B - +0 scimitar
rCold    . . .     Gourm    .   c - +0 shield
rNeg     . . .     Faith    .   q - +0 plate armour
rPois    .         Spirit   .   (helmet restricted)
rElec    .         Reflect  +   p - +2 cloak
rCorr    .         Harm     .   (no gloves)
MR       .....                  h - +0 pair of boots
Stlth    ..........             d - +4 amulet of reflection
HPRegen  0.27/turn              H - ring of protection from fire
MPRegen  0.12/turn              b - ring of see invisible

@: lethally poisoned (-1 -> -12)
A: retaliatory headbutt, horns 2, agile 1, fire resistance 1, frail 1
a: Berserk, Trog's Hand, Brothers in Arms, Renounce Religion


You were on level 3 of the Lair of Beasts.
You worshipped Trog.
Trog was greatly pleased with you.
You were not hungry.

You visited 2 branches of the dungeon, and saw 15 of its levels.
You also visited: Ossuary.

You collected 938 gold pieces.
You spent 110 gold pieces at shops.

Inventory:

Hand Weapons
 a - a +0 long sword
 B - a +0 scimitar (weapon)
 Q - a +0 great sword
 R - a +0 long sword
 T - a +4 glaive of chopping
Armour
 c - a +0 shield (worn)
 h - a +0 pair of boots (worn)
 o - a +0 cloak
 p - a +2 cloak (worn)
 q - a +0 plate armour (worn)
 S - +0 steam dragon scales
Jewellery
 b - a ring of see invisible (right hand)
 d - a +4 amulet of reflection (around neck)
 n - an uncursed ring of wizardry
 H - a ring of protection from fire (left hand)
 M - an uncursed ring of fire
 O - a +4 amulet of reflection
 V - a +3 ring of intelligence
Wands
 x - a wand of polymorph (11)
 z - a wand of acid (9)
 I - a wand of disintegration (2)
 J - a wand of digging (15)
 K - a wand of iceblast (7)
Scrolls
 e - 7 scrolls of remove curse
 g - 7 scrolls of teleportation
 k - 2 scrolls of identify
 m - 4 scrolls of fog
 r - 2 scrolls of amnesia
 s - 3 scrolls of blinking
 t - 4 scrolls of immolation
 y - 2 scrolls of magic mapping
 A - 7 scrolls of enchant armour
 L - a scroll of summoning
 P - a scroll of brand weapon
 U - a scroll of enchant weapon
 X - a scroll of fear {unknown}
Potions
 i - a potion of heal wounds
 j - 4 potions of mutation
 l - 3 potions of cancellation
 u - 3 potions of curing
 v - 3 potions of flight
 w - 3 potions of might
 C - a potion of agility
 D - 3 potions of degeneration
 E - a potion of berserk rage
 F - 3 potions of lignification
 G - 3 potions of resistance
 N - 2 potions of brilliance
Comestibles
 f - 19 rations
 W - 10 chunks of flesh


   Skills:
 * Level 14.5 Fighting
 * Level 14.3 Long Blades
 + Level 10.9 Armour
 + Level 10.9 Shields


You had 11 spell levels left.
You didn't know any spells.
Your spell library contained the following spells:

 Spells                   Type           Power        Failure   Level  Hunger
 Fireball                 Conj/Fire      #.........   100%        5    ######.
 Conjure Flame            Conj/Fire      #.......     100%        3    ####...
 Throw Flame              Conj/Fire      #.....       100%        2    ###....
 Animate Dead             Necr           N/A          100%        4    #####..
 Pain                     Necr           #...         100%        1    ##.....
 Animate Skeleton         Necr           N/A          100%        1    ##.....
 Vampiric Draining        Necr           #.........   100%        3    ####...
 Sticky Flame             Conj/Fire      #.......     100%        4    #####..
 Regeneration             Chrm/Necr      #.........   100%        3    ####...
 Flame Tongue             Conj/Fire      #....        100%        1    ##.....
 Inner Flame              Hex/Fire       #.......     100%        3    ####...


Dungeon Overview and Level Annotations

Branches:
Dungeon (12/15)            Temple (0/1) D:7            Lair (3/6) D:8
    Orc (0/2) D:9
  Swamp: Lair:2-4    Shoals: Lair:2-4     Snake: Lair:2-4    Spider: Lair:2-4

Altars:
Elyvilon
Fedhas
Gozag
Hepliaklqana
Kikubaaqudgha
Nemelex Xobeh
Okawaru
Qazlal
Ru
Trog
Uskayaw
Vehumet
Wu Jian
Yredelemnul
The Shining One

Shops:
D:7 }   D:9 :   D:11 ?

Annotations:
D:3 2 transporters
D:6 2 transporters, Menkaure
Lair:2 exclusion: oklob plant


Innate Abilities, Weirdness & Mutations

You reflexively headbutt those who attack you in melee.
You have a pair of horns on your head.
You are agile. (Dex +2)
Your flesh is heat resistant. (rF+)
You are frail. (-10% HP)


Message History

You are too injured to fight recklessly!
Unknown command.
You are too injured to fight recklessly!
You are too injured to fight recklessly!
You hit the komodo dragon but do no damage.
Your headbutt misses the komodo dragon.
The komodo dragon is almost dead.
You feel sick. The komodo dragon bites you!
* * * LOW HITPOINT WARNING * * *
You hit the komodo dragon but do no damage.
You headbutt the komodo dragon, but do no damage.
The komodo dragon is almost dead.
You feel sick.
You completely miss the komodo dragon.
The komodo dragon is almost dead.
You feel sick. You block the komodo dragon's attack.
You hit the komodo dragon.
The komodo dragon is almost dead.
You feel sick. The komodo dragon bites you!!
You die...

#.## ...# #.. #.. ..#
### #.# #..##..##.#
.......l@.##
#..#P###...##########
## ##.P.#...#.#.####P
#................
#.>......^........
#.................
#..(..............
#.................
P..................


You could see a komodo dragon.

Vanquished Creatures
  Harold (Lair:1)
  2 hydras
  4 two-headed ogres
  Sonja (Lair:1)
  Pikel (D:7)
  3 ugly things
  An oklob plant (Lair:1)
  2 cyclopes
  A black mamba (Lair:3)
  2 spiny frogs
  2 komodo dragons
  4 trolls
  Prince Ribbit (D:6)
  4 blink frogs (Lair:1)
  4 hippogriffs
  Sigmund (D:4)
  A shadow (D:12)
  14 yaks
  Eustachio (D:6)
  2 wyverns
  A steam dragon (D:12)
  3 water moccasins
  6 porcupines
  2 sky beasts (D:7)
  A slave (D:7)
  2 orc warriors
  2 ice beasts
  A necrophage (D:5)
  4 ogres
  2 phantoms (D:7)
  5 black bears
  5 crocodiles
  2 centaurs
  A big kobold (D:8)
  2 elf zombies (Ossuary)
  15 bullfrogs
  2 wyvern zombies
  3 scorpions
  3 killer bees (D:11)
  8 wights
  6 howler monkeys
  An electric eel (Lair:1)
  6 crimson imps
  2 bullfrog zombies
  3 centaur zombies
  3 centaur skeletons
  2 human zombies (Ossuary)
  5 jellies
  5 orc priests
  11 hounds
  6 orc wizards
  7 iguanas
  5 worker ants
  A big kobold zombie (Ossuary)
  3 hound zombies
  2 mummies (Ossuary)
  2 worker ant zombies
  A hound skeleton (D:8)
  A howler monkey skeleton (D:6)
  11 gnolls
  8 adders
  3 shadow imps
  2 oozes
  2 adder zombies
  2 worms (D:2)
  2 dart slugs
  4 leopard geckos
  39 orcs
  4 bats
  5 giant cockroaches
  6 goblins
  7 hobgoblins
  17 jackals
  4 quokkas
  A ball python (D:1)
  2 frilled lizards
  11 hobgoblin zombies (Ossuary)
  A jackal zombie (D:9)
  12 kobolds
  11 kobold zombies (Ossuary)
  7 orc zombies (Ossuary)
  2 quokka skeletons
  A quokka zombie (D:7)
  7 rats
  A rat zombie (Ossuary)
366 creatures vanquished.

Vanquished Creatures (others)
  27 fungi
  3 plants (D:8)
  14 toadstools (Lair:2)
44 creatures vanquished.

Grand Total: 410 creatures vanquished

Notes
Turn   | Place    | Note
-------+----------+-------------------------------------------
     0 | D:1      | Kuinu the Minotaur Fighter began the quest for the Orb.
     0 | D:1      | Reached XP level 1. HP: 19/19 MP: 0/0
    66 | D:1      | Reached XP level 2. HP: 27/27 MP: 1/1
   422 | D:2      | Reached XP level 3. HP: 20/33 MP: 2/2
  1246 | D:3      | Reached XP level 4. HP: 41/41 MP: 3/3
  1302 | D:3      | Found a transporter.
  1563 | D:3      | Found a transporter.
  1862 | D:3      | Reached skill level 5 in Fighting
  1862 | D:3      | Reached XP level 5. HP: 47/48 MP: 4/4
  2086 | D:4      | Noticed Sigmund
  2096 | D:4      | Killed Sigmund
  2096 | D:4      | Reached skill level 5 in Long Blades
  2096 | D:4      | Reached XP level 6. HP: 40/57 MP: 5/5
  2140 | D:4      | Found a hide-covered altar of Uskayaw.
  2211 | D:4      | Reached skill level 5 in Shields
  2284 | D:4      | Found a sand-covered staircase.
  2301 | Ossuary  | Entered an ossuary
  2414 | Ossuary  | Reached skill level 5 in Armour
  2454 | Ossuary  | Reached XP level 7. HP: 42/64 MP: 6/6
  3209 | D:4      | Found an iron altar of Okawaru.
  3730 | D:5      | Entered Level 5 of the Dungeon
  3862 | D:5      | Reached XP level 8. HP: 73/73 MP: 7/7
  3978 | D:5      | Found a bloodstained altar of Trog.
  3979 | D:5      | Found an ornate altar of the Wu Jian Council.
  3980 | D:5      | Found a white marble altar of Elyvilon.
  4195 | D:6      | Noticed Eustachio
  4210 | D:6      | Killed Eustachio
  4305 | D:6      | Found a glowing golden altar of the Shining One.
  4305 | D:6      | Found a sacrificial altar of Ru.
  4305 | D:6      | Found a hazy altar of Hepliaklqana.
  4498 | D:6      | Found a transporter.
  4501 | D:6      | Found an ancient bone altar of Kikubaaqudgha.
  4502 | D:6      | Noticed Menkaure
  4505 | D:6      | Found a basalt altar of Yredelemnul.
  4509 | D:6      | Noticed Prince Ribbit
  4530 | D:6      | Gained mutation: Your flesh is heat resistant. (rF+) [potion of mutation]
  4530 | D:6      | Gained mutation: You are frail. (-10% HP) [potion of mutation]
  4530 | D:6      | Gained mutation: You are agile. (Dex +2) [potion of mutation]
  4538 | D:6      | Killed Prince Ribbit
  4538 | D:6      | Reached XP level 9. HP: 48/73 MP: 8/8
  4565 | D:6      | Found a transporter.
  4818 | D:5      | Found a stormy altar of Qazlal.
  4818 | D:5      | Found a radiant altar of Vehumet.
  4829 | D:5      | Became a worshipper of Trog the Wrathful
  5313 | D:7      | You fall through a shaft for 2 floors!
  5344 | D:9      | Noticed a two-headed ogre
  5353 | D:9      | Killed a two-headed ogre
  5353 | D:9      | Reached skill level 10 in Fighting
  5353 | D:9      | Reached skill level 10 in Long Blades
  5522 | D:9      | Found Raizikyl's Book Boutique.
  5601 | D:8      | Reached * piety under Trog
  5617 | D:8      | Noticed a two-headed ogre
  5630 | D:8      | Killed a two-headed ogre
  5630 | D:8      | Reached XP level 10. HP: 61/84 MP: 9/9
  5904 | D:8      | Found an opulent altar of Gozag.
  6502 | D:8      | Reached ** piety under Trog
  6517 | D:8      | Found a staircase to the Lair.
  7062 | D:7      | Found Lixinoysch's Gadget Shop.
  7126 | D:7      | Found a staircase to the Ecumenical Temple.
  7159 | D:7      | Noticed Pikel
  7178 | D:7      | Killed Pikel
  7419 | D:7      | Reached *** piety under Trog
  7784 | D:9      | Noticed a two-headed ogre
  7791 | D:9      | Killed a two-headed ogre
  7791 | D:9      | Reached XP level 11. HP: 93/93 MP: 10/10
  8075 | D:9      | Found a sparkling altar of Nemelex Xobeh.
  8255 | D:9      | Found a staircase to the Orcish Mines.
  8267 | D:10     | Entered Level 10 of the Dungeon
  8870 | D:10     | Noticed a two-headed ogre
  8877 | D:10     | Killed a two-headed ogre
  8981 | D:11     | Reached **** piety under Trog
  9144 | D:11     | Noticed a brown ugly thing
  9152 | D:11     | Killed a brown ugly thing
  9192 | D:11     | Noticed a green ugly thing
  9205 | D:11     | Killed a green ugly thing
  9458 | D:11     | Noticed a five-headed hydra
  9474 | D:11     | Killed a 12-headed hydra
  9474 | D:11     | Reached skill level 10 in Shields
  9477 | D:11     | Reached skill level 10 in Armour
  9816 | D:11     | Found Uleg's Magic Scroll Shop.
  9824 | D:11     | Bought a scroll of identify for 22 gold pieces
  9824 | D:11     | Bought a scroll of identify for 22 gold pieces
  9824 | D:11     | Bought a scroll of fog for 22 gold pieces
  9824 | D:11     | Bought a scroll of identify for 22 gold pieces
  9824 | D:11     | Bought a scroll of identify for 22 gold pieces
 10242 | D:12     | Noticed a cyan ugly thing
 10254 | D:12     | Killed a cyan ugly thing
 10511 | D:12     | Reached XP level 12. HP: 92/103 MP: 11/11
 10840 | Lair:1   | Entered Level 1 of the Lair of Beasts
 10853 | Lair:1   | Noticed Sonja
 10861 | Lair:1   | Killed Sonja
 11240 | Lair:1   | Noticed Harold
 11254 | Lair:1   | Killed Harold
 12395 | Lair:2   | Found a blossoming altar of Fedhas.
 12498 | Lair:2   | Noticed an eight-headed hydra
 12891 | Lair:2   | Killed a 12-headed hydra
 13954 | Lair:3   | Slain by a komodo dragon

Vault maps used:
D:1:      dpeg_arrival_orchard, hangedman_abyss_or_decor_lesser_grid,
          hex_intersection
D:2:      minmay_close_crescents
D:3:      gammafunk_steamed_eel
D:4:      kennysheep_little_box, first_ration,
          nicolae_ossuary_entry_false_entrances, okawaru_gym_becter,
          uniq_sigmund
D:5:      nicolae_overflow_hidden_temple
D:6:      gammafunk_temple_of_torment, gammafunk_temple_overflow_forgotten,
          uniq_prince_ribbit1, uniq_eustachio, uniq_menkaure
D:7:      temple_fountains, serial_shops, nicolae_shop_behind_doors, uniq_pikel
D:8:      lemuel_round_altar, due_lair_maze_entry_diamond, serial_park
D:9:      minmay_opposing_rooms, lemuel_round_altar, orc_0_dummy, serial_shops,
          shop
D:11:     serial_shops, shop
Lair:1:   minmay_lair_oklob_items, grunt_megastairs_3,
          infiniplex_staircase_pool, uniq_sonja, uniq_harold
Lair:2:   tgw_fedhas, lemuel_fruit_fields
Lair:3:   minmay_swamp_entry_worms, grunt_megastairs_5, serial_bayou_shore_b,
          minmay_lair_oklob_chamber
Ossuary:  ossuary_tomb_1

Skill      XL: |  1  2  3  4  5  6  7  8  9 10 11 12 |
---------------+-------------------------------------+-----
Fighting       | 4 5 6 7 8 10 12 13 14 | 14.5
Long Blades    | 3 4 5 6 8 10 11 13 14 | 14.3
Armour         | 4 5 6 8 9 10 | 10.9
Shields        | 4 5 6 8 9 10 | 10.9

Action                   |  1- 3 |  4- 6 |  7- 9 | 10-12 || total
-------------------------+-------+-------+-------+-------++-------
Melee: Long sword        |    73 |   170 |   332 |   673 ||  1248
       Headbutt          |    19 |    34 |    72 |   205 ||   330
       Scimitar          |       |       |       |    76 ||    76
Invok: Berserk           |       |       |       |     7 ||     7
Evoke: Wand              |       |       |       |     8 ||     8
  Use: Potion            |       |     1 |    11 |     1 ||    13
       Scroll            |       |       |     1 |    23 ||    24
 Stab: Held in net/web   |       |       |       |     1 ||     1
  Eat: Chunk             |       |     5 |     8 |    27 ||    40
       Ration            |       |       |     1 |     2 ||     3
Armor: Scale mail        |    30 |    34 |       |       ||    64
       Chain mail        |       |    56 |   112 |       ||   168
       Plate armour      |       |       |    70 |   235 ||   305
Dodge: Dodged            |    30 |    46 |    85 |    92 ||   253
Block: Shield            |    32 |    98 |   173 |   494 ||   797
       Reflection        |       |       |       |    10 ||    10
       Rpst.: Long sword |    10 |    17 |    25 |    22 ||    74
       Scimitar          |       |       |       |     1 ||     1

Table legend:
 A = Spawn XP
 B = Non-spawn XP
 C = Spawn XP percentage of total XP
 D = Spawn monster count
 E = Non-spawn monster count
 F = Spawn count percentage of total count
 G = Total turns spent on level
                    A         B        C        D         E        F      G
               +---------+---------+-------+---------+---------+-------+---------
         Total |       0 |   31532 |   0.0 |       0 |     365 |   0.0 | 13954
               +---------+---------+-------+---------+---------+-------+---------
           D:1 |       0 |      34 |   0.0 |       0 |      20 |   0.0 |   387
           D:2 |       0 |      53 |   0.0 |       0 |      16 |   0.0 |   663
           D:3 |       0 |     171 |   0.0 |       0 |      35 |   0.0 |  1036
           D:4 |       0 |     564 |   0.0 |       0 |      22 |   0.0 |   985
           D:5 |       0 |     308 |   0.0 |       0 |       9 |   0.0 |   372
           D:6 |       0 |    1270 |   0.0 |       0 |      21 |   0.0 |   837
           D:7 |       0 |    1853 |   0.0 |       0 |      32 |   0.0 |  1010
           D:8 |       0 |    4529 |   0.0 |       0 |      44 |   0.0 |  1564
           D:9 |       0 |    3721 |   0.0 |       0 |      29 |   0.0 |   802
          D:10 |       0 |    3033 |   0.0 |       0 |      21 |   0.0 |   691
          D:11 |       0 |    3956 |   0.0 |       0 |      27 |   0.0 |  1055
          D:12 |       0 |    2451 |   0.0 |       0 |      16 |   0.0 |   779
        Lair:1 |       0 |    4001 |   0.0 |       0 |      13 |   0.0 |  1452
        Lair:2 |       0 |    2730 |   0.0 |       0 |      11 |   0.0 |  1507
        Lair:3 |       0 |    2429 |   0.0 |       0 |      10 |   0.0 |   155
       Ossuary |       0 |     429 |   0.0 |       0 |      39 |   0.0 |   659
               +---------+---------+-------+---------+---------+-------+---------
